 Dungeon Crawl Stone Soup version 0.26-a0-812-g31a745ddcd (webtiles) character file.

Game seed: 10543515670994645809

75107 sanka the Unseen (level 15, -8/80 HPs)
             Began as a Spriggan Enchanter on Dec 6, 2020.
             Was the Champion of Ru.
             Killed from afar by a lindwurm (38 damage)
             ... with a blast of flame
             ... on level 6 of the Lair of Beasts.
             The game lasted 01:15:57 (27060 turns).

sanka the Unseen (Spriggan Enchanter)              Turns: 27060, Time: 01:15:58

Health: -8/80      AC:  5    Str:  4    XL:     15   Next: 8%
Magic:  20/25      EV: 33    Int: 23    God:    Ru [******]
Gold:   1752       SH:  0    Dex: 23    Spells: 8/26 levels left

rFire    . . .     SeeInvis +   a - +2 dagger (elec)
rCold    . . .     Faith    .   (shield unavailable)
rNeg     . . .     Spirit   .   v - +1 robe {Archmagi}
rPois    .         Reflect  .   z - +2 hat {MR+}
rElec    .         Harm     .   F - scarf {+Inv}
rCorr    .         Rampage  .   (gloves unavailable)
MR       +++..                  (boots unavailable)
Stlth    ++++++++..             j - amulet of magic regeneration
HPRegen  0.23/turn              (ring unavailable)
MPRegen  0.44/turn              L - +6 ring of intelligence

@: very slightly contaminated, studying Ice Magic, very quick
A: very small, unfitting armour, see invisible, speed 3, missing a hand,
unskilled 1, inexperienced 1
a: Draw Out Power, Power Leap, Apocalypse, Renounce Religion, Evoke Invisibility


You were on level 6 of the Lair of Beasts.
You worshipped Ru.
Ru was exalted by your worship.
You visited 3 branches of the dungeon, and saw 19 of its levels.
You also visited: Gauntlet, Ice Cave and Volcano.

You collected 2022 gold pieces.
You spent 270 gold pieces at shops.


Innate Abilities, Weirdness & Mutations

You are very small and have problems with some larger weapons.
You are too small for most types of armour.
You have supernaturally acute eyesight. (SInv)
You cover ground extremely quickly.
You are missing a hand.
You are somewhat unskilled. (-1 Apt)
You are somewhat inexperienced. (-2 XL)


   Skills:
 - Level 10.0 Fighting
 - Level 10.0 Short Blades
 - Level 15.0 Dodging
 - Level 19.0 Stealth
 - Level 6.0 Spellcasting
 + Level 12.5 Hexes


You had 8 spell levels left.
You knew the following spells:

 Your Spells              Type           Power        Failure   Level
j - Invisibility          Hex            #######.     8%          6
x - Tukima's Dance        Hex            #######.     1%          3
y - Dazzling Flash        Conj/Hex       ######       1%          3
z - Ensorcelled Hibernat  Hex/Ice        ######       1%          2
X - Confusing Touch       Hex            #######.     1%          3
Z - Corona                Hex            #######      1%          1

Your spell library contained the following spells:

 Spells                   Type           Power        Failure   Level
 Slow                     Hex            #######.     1%          2
 Cause Fear               Hex            #######...   1%          4
 Leda's Liquefaction      Hex/Erth       ######....   6%          4
 Apportation              Tloc           ##....       9%          1
 Foxfire                  Conj/Fire      ##..         9%          1
 Magic Dart               Conj           ##..         9%          1
 Blink                    Tloc           N/A          13%         2
 Call Imp                 Summ           ##......     13%         2
 Poisonous Vapours        Pois/Air       ##....       13%         2
 Conjure Flame            Conj/Fire      ##......     26%         3
 Lesser Beckoning         Tloc           ##........   26%         3
 Mephitic Cloud           Conj/Pois/Air  ##......     26%         3
 Alistair's Intoxication  Tmut/Pois      ##.......    93%         5
 Dragon Form              Tmut           ##........   100%        7
 Dragon's Call            Summ           ##........   100%        9

Inventory:

Hand Weapons
 a - a +2 dagger of electrocution (weapon)
Missiles
 p - 52 poisoned darts (quivered)
 t - 5 throwing nets {=f}
 D - 4 curare-tipped darts {=f}
Armour
 v - a +1 robe of the Archmagi (worn)
 z - a +2 hat of magic resistance (worn)
 A - a +2 cloak of preservation
 F - a scarf of invisibility (worn)
Jewellery
 j - an amulet of magic regeneration (around neck)
 G - an uncursed ring of positive energy
 L - a +6 ring of intelligence (right hand)
Wands
 b - a wand of disintegration (14)
 c - a wand of flame (18)
 h - a wand of paralysis (10)
 r - a wand of iceblast (27)
 y - a wand of polymorph (13)
 C - a wand of digging (13)
 E - a wand of enslavement (4)
Scrolls
 d - 2 scrolls of fear
 i - 4 scrolls of amnesia
 m - a scroll of fog
 n - 5 scrolls of remove curse
 s - 3 scrolls of enchant weapon
 x - a scroll of blinking
 H - 9 scrolls of teleportation {@r4}
 J - a scroll of magic mapping
 N - a scroll of brand weapon
 R - a scroll of vulnerability {!r}
Potions
 e - 4 potions of attraction {!q}
 f - 2 potions of haste {@q3}
 g - 7 potions of might
 k - 5 potions of curing {@q1}
 l - 4 potions of lignification {!q}
 o - 5 potions of flight
 q - 8 potions of heal wounds {@q2}
 w - 2 potions of mutation {!q}
 B - 8 potions of brilliance
 K - a potion of magic {unknown}
 M - 2 potions of resistance
 O - a potion of berserk rage {!q}
 Q - 5 potions of invisibility
Books
 u - a manual of Ice Magic
Miscellaneous
 I - a box of beasts

Dungeon Overview and Level Annotations

Branches:
Dungeon (12/15)            Temple (1/1) D:5            Lair (6/6) D:8
  Swamp (0/4) Lair:4       Shoals (0/4) Lair:3        Slime (0/5) Lair:5
    Orc (0/2) D:9           IceCv (visited)         Volcano (visited)
Gauntlet (visited)

Altars:
Ashenzari
Cheibriados
Dithmenos
Elyvilon
Fedhas
Gozag
Hepliaklqana
Kikubaaqudgha
Makhleb
Nemelex Xobeh
Okawaru
Qazlal
Ru
Sif Muna
Trog
Uskayaw
Vehumet
Wu Jian
Xom
Yredelemnul
Zin
The Shining One

Shops:
D:4 [   D:5 ( D:10

: ▒.P.▒....▒.....▒ ....
▒♣..▒...▒.▒..8.▒ ....
▒...▒÷...▒▒....▒ ....
▒▒..▒.÷..▒.8.÷.▒▒ ....
▒..▒▒.8..8÷.8.?▒ ....
▒...▒......†.?▒▒ ...<
▒...▒▒..÷...£?▒ ....
▒.÷..▒.8l8.:?▒▒
▒....... ▒...†▒▒..i[?▒▒
▒▒.▒.......
▒▒....▒▒▒?[▒▒
▒..▒▒...... ▒▒..P▒▒▒▒▒▒
▒▒...▒▒..... ▒▒...▒▒▒
▒▒▒.....▒.....
▒▒▒...▒▒▒▒.......▒▒....
▒▒.f............▒▒...
▒▒....P.........▒▒..
▒▒▒▒▒.........P.....
▒...▒▒▒▒......÷P....


You could see a lindwurm (catching breath).


Message History

The lindwurm bites itself!!
The lindwurm claws itself but does no damage.
The lindwurm claws itself.
You hit the lindwurm but do no damage.
The lindwurm is almost dead.
You hit the lindwurm but do no damage.
The lindwurm is almost dead.
The lindwurm bites you. The lindwurm completely misses you.
The lindwurm completely misses you.
You hit the lindwurm but do no damage.
The lindwurm is almost dead.
Aiming: Ensorcelled Hibernation (safe; 1% risk of failure)
Aim: a lindwurm (almost dead, chance to defeat MR: 55%)
The lindwurm resists with some effort.
The lindwurm breathes flames at you. The blast of flame hits you!!
* * * LOW HITPOINT WARNING * * *
Aiming: Ensorcelled Hibernation (safe; 1% risk of failure)
Aim: a lindwurm (almost dead, catching its breath, chance to defeat MR: 55%)
The lindwurm resists with some effort.
The lindwurm completely misses you.
The lindwurm claws you but does no damage.
The lindwurm completely misses you.
Aiming: Ensorcelled Hibernation (safe; 1% risk of failure)
Aim: a lindwurm (almost dead, catching its breath, chance to defeat MR: 55%)
The lindwurm resists with some effort.
The lindwurm breathes flames at you. The blast of flame hits you!!!
You die...

Action                   |  1- 3 |  4- 6 |  7- 9 | 10-12 | 13-15 || total
-------------------------+-------+-------+-------+-------+-------++-------
Melee: Dagger            |    66 |    95 |   280 |   359 |   602 ||  1402
       Short sword       |       |    14 |   127 |       |       ||   141
       Rapier            |       |    15 |       |       |       ||    15
 Cast: Corona            |     5 |       |       |       |       ||     5
       Ensorcelled Hiber |    18 |    46 |   137 |   148 |   180 ||   529
       Confusing Touch   |       |     1 |    17 |    20 |    42 ||    80
       Tukima's Dance    |       |       |     1 |     2 |       ||     3
       Dazzling Flash    |       |       |       |       |    10 ||    10
       Invisibility      |       |       |       |       |     1 ||     1
Invok: Sacrifice Experie |       |       |     1 |       |       ||     1
       Sacrifice a Hand  |       |       |       |     1 |       ||     1
       Reject Sacrifices |       |       |       |     1 |       ||     1
       Sacrifice Skill   |       |       |       |       |     1 ||     1
 Abil: Evoke Invisibilit |       |       |       |     7 |     4 ||    11
  Use: Potion            |       |     1 |     3 |     2 |     1 ||     7
       Scroll            |       |       |    16 |     8 |    10 ||    34
 Stab: Sleeping          |    31 |    39 |    91 |    90 |   123 ||   374
       Confused          |       |     2 |    17 |    18 |    49 ||    86
       Distracted        |       |     1 |     2 |     4 |     4 ||    11
       Invisible         |       |       |       |    42 |    50 ||    92
       Paralysed         |       |       |       |     2 |     3 ||     5
Armor: Robe              |     7 |     9 |    35 |    17 |    28 ||    96
Dodge: Dodged            |    40 |    94 |   361 |   381 |   513 ||  1389

Levels and vault maps discovered:
D:1:      noname_arrival_rooms_in_the_neighbourhood, layout_basic
D:2:      layout_rooms, kennysheep_big_empty_room, kennysheep_cluttered_room,
          uniq_jessica
D:3:      layout_loops_ring, yredelemnul_forgotten_temple_becter,
          lemuel_doored_altar, chequers_ecumenical_altar_simple
D:4:      layout_gridville, tgw_trog, marbit_many_paths,
          nicolae_overflow_crystal_walls, serial_shops, shop,
          nicolae_qazlal_style_of_elements
D:5:      layout_rooms, grunt_temple_overflow_diamond,
          nicolae_overflow_hidden_temple, minmay_temple_entry_overgrown,
          serial_shops, kennysheep_mini_moat
D:6:      layout_loops_ring, minmay_misc_feat_secret_circle
D:7:      layout_cave_pools, lemuel_round_altar, serial_glass, glass_columns_a,
          glass_columns_c, glass_columns_c, glass_columns_a,
          fedhas_ov_isle_minmay, uniq_pikel, uniq_harold
D:8:      layout_rooms, david_lair_shrubbed, uniq_maurice
D:9:      layout_loops_ring, kennysheep_little_box,
          chequers_temple_overflow_statue_of_worship, erik_orc_2
D:10:     layout_irregular_city, serial_shops, nicolae_shop_crystal,
          okawaru_ov_weapons_minmay, uniq_josephine
D:11:     layout_gridville, serial_undead, serial_undead_b, serial_undead_e,
          serial_undead_f, serial_undead_d, serial_undead_d, serial_undead_b,
          gauntlet_entry_generic, gammafunk_ghost_smash
D:12:     kennysheep_room_grid, layout_basic, xom_shifter_show, uniq_erolcha
Temple:   jpeg_temple_island
Lair:1:   layout_gridlike, minivault_25, lemuel_fruit_tree,
          serial_bayou_shore_b, uniq_maggie
Lair:2:   regret_index_combs_of_tragedy, layout_regular_city,
          nicolae_volcano_entry_two_sided, bobbens_dragon_lair_wall
Lair:3:   layout_cave_pods, minmay_shoals_entry_lonely_mermaid
Lair:4:   layout_misc_corridors, skrybe_swamp_entry_bodies,
          chequers_serial_rivers_small_b, infiniplex_staircase_pool_2
Lair:5:   layout_regular_city, slime_dummy, portal_ice_cave_entry_imps,
          beast_lair_carwin_8
Lair:6:   grunt_lair_end_beastmaster, layout_regular_city, lemuel_fruit_fields

Notes
Turn   | Place    | Note
-------+----------+-------------------------------------------
     0 | D:1      | sanka the Spriggan Enchanter began the quest for the Orb.
     0 | D:1      | Reached XP level 1. HP: 9/9 MP: 5/5
   257 | D:1      | Reached skill level 5 in Stealth
   305 | D:1      | Reached XP level 2. HP: 13/13 MP: 6/6
   324 | D:1      | Learned a level 2 spell: Ensorcelled Hibernation
   628 | D:1      | Reached skill level 6 in Stealth
  1020 | D:2      | Reached XP level 3. HP: 16/16 MP: 5/8
  1047 | D:2      | Learned a level 3 spell: Confusing Touch
  1228 | D:2      | Reached skill level 7 in Stealth
  1441 | D:2      | Noticed Jessica
  1447 | D:2      | Killed Jessica
  1447 | D:2      | Reached skill level 8 in Stealth
  1447 | D:2      | Reached XP level 4. HP: 20/21 MP: 6/9
  1955 | D:3      | Found a glowing golden altar of the Shining One.
  2088 | D:3      | Found a basalt altar of Yredelemnul.
  2469 | D:3      | Reached skill level 2 in Short Blades
  2618 | D:3      | Found a faded altar of an unknown god.
  2977 | D:4      | Reached skill level 3 in Short Blades
  2977 | D:4      | Reached XP level 5. HP: 20/24 MP: 5/10
  3032 | D:4      | Found an ornate altar of the Wu Jian Council.
  3348 | D:4      | Found Orrottusm's Armour Shoppe.
  3376 | D:4      | Noticed a moth of wrath
  3379 | D:4      | Found a bloodstained altar of Trog.
  3689 | D:4      | Reached skill level 4 in Short Blades
  3791 | D:4      | Found a shimmering blue altar of Sif Muna.
  3902 | D:4      | Noticed an ogre
  3915 | D:4      | Killed an ogre
  3915 | D:4      | Reached skill level 5 in Short Blades
  3915 | D:4      | Reached XP level 6. HP: 28/28 MP: 4/11
  3997 | D:4      | Found a stormy altar of Qazlal.
  3999 | D:4      | Noticed an air elemental
  4004 | D:4      | Noticed a fire elemental
  4004 | D:4      | Noticed a water elemental
  4150 | D:5      | Entered Level 5 of the Dungeon
  4169 | D:5      | Reached skill level 3 in Spellcasting
  4169 | D:5      | Reached skill level 4 in Hexes
  4759 | D:5      | Reached skill level 5 in Hexes
  4962 | D:5      | Found Lethapn's Antique Weapon Emporium.
  4973 | D:5      | Reached XP level 7. HP: 32/32 MP: 8/13
  5012 | D:5      | Found a staircase to the Ecumenical Temple.
  5040 | Temple   | Entered the Ecumenical Temple
  5259 | Temple   | Became a worshipper of Ru the Awakened
  5350 | D:5      | Reached skill level 4 in Spellcasting
  5618 | D:5      | Reached skill level 6 in Hexes
  6021 | D:5      | Found a white marble altar of Elyvilon.
  6024 | D:5      | Found an opulent altar of Gozag.
  6027 | D:5      | Found a sparkling altar of Nemelex Xobeh.
  6105 | D:5      | Found a blossoming altar of Fedhas.
  6110 | D:5      | Learned a level 3 spell: Dazzling Flash
  6114 | D:5      | Learned a level 3 spell: Tukima's Dance
  6169 | D:4      | Bought a +0 hat of magic resistance for 132 gold pieces
  6169 | D:4      | Bought a +0 cloak of preservation for 138 gold pieces
  6313 | D:6      | Reached skill level 7 in Hexes
  6414 | D:6      | Reached skill level 8 in Hexes
  6788 | D:6      | Reached skill level 1 in Fighting
  6883 | D:6      | Reached XP level 8. HP: 37/37 MP: 13/15
  7327 | D:7      | Reached skill level 4 in Dodging
  7350 | D:7      | Noticed Harold
  7356 | D:7      | Identified a +1 robe of the Archmagi
  7356 | D:7      | Noticed Pikel
  7375 | D:7      | Reached skill level 2 in Fighting
  7382 | D:6      | Reached skill level 5 in Dodging
  7497 | D:6      | Killed Pikel
  7497 | D:6      | Reached skill level 3 in Fighting
  7497 | D:6      | Reached skill level 8 in Dodging
  7942 | D:7      | Killed Harold
  7942 | D:7      | Reached skill level 6 in Short Blades
  7942 | D:7      | Reached skill level 9 in Stealth
  7942 | D:7      | Reached XP level 9. HP: 34/44 MP: 10/16
  8020 | D:7      | Reached skill level 10 in Stealth
  8130 | D:7      | Gained mutation: You are somewhat inexperienced. (-2 XL)
                  | [Ru sacrifice]
  8130 | D:7      | Reached XP level 8. HP: 40/40 MP: 15/15
  8130 | D:7      | Reached XP level 7. HP: 36/36 MP: 14/14
  8130 | D:7      | Reached * piety under Ru
  8130 | D:7      | Reached ** piety under Ru
  8177 | D:7      | Reached skill level 7 in Short Blades
  8524 | D:7      | Found a hide-covered altar of Uskayaw.
  8574 | D:7      | Found a blossoming altar of Fedhas.
  8642 | D:7      | Reached skill level 11 in Stealth
  8775 | D:8      | Reached XP level 8. HP: 40/40 MP: 15/15
  8919 | D:8      | Reached skill level 8 in Short Blades
  9190 | D:8      | Noticed Maurice
  9197 | D:8      | Killed Maurice
  9197 | D:8      | Reached skill level 12 in Stealth
  9338 | D:8      | Reached skill level 9 in Hexes
  9400 | D:8      | Reached XP level 9. HP: 44/44 MP: 13/16
  9534 | D:8      | Noticed a komodo dragon
  9535 | D:8      | Found a staircase to the Lair.
  9678 | D:8      | Killed a komodo dragon
  9678 | D:8      | Reached skill level 10 in Hexes
 10379 | D:9      | Reached skill level 9 in Dodging
 10715 | D:9      | Reached skill level 4 in Fighting
 10750 | D:9      | Found a stormy altar of Qazlal.
 11224 | D:9      | Noticed a troll
 11229 | D:9      | Killed a troll
 11229 | D:9      | Reached skill level 10 in Dodging
 11229 | D:9      | Reached XP level 10. HP: 33/51 MP: 14/17
 11410 | D:9      | Found a snail-covered altar of Cheibriados.
 11450 | D:9      | Found a staircase to the Orcish Mines.
 11579 | D:9      | Noticed a two-headed ogre
 11589 | D:9      | Killed a two-headed ogre
 11589 | D:9      | Reached skill level 5 in Fighting
 11628 | D:9      | Reached skill level 11 in Dodging
 11792 | D:9      | Found a shadowy altar of Dithmenos.
 11912 | D:9      | Gained mutation: You are missing a hand. [Ru sacrifice]
 11912 | D:9      | Reached *** piety under Ru
 11912 | D:9      | Reached **** piety under Ru
 11912 | D:9      | Reached ***** piety under Ru
 11972 | D:10     | Entered Level 10 of the Dungeon
 11991 | D:10     | Noticed a two-headed ogre
 12004 | D:10     | Killed a two-headed ogre
 12121 | D:10     | Reached skill level 6 in Fighting
 12178 | D:10     | Found an iron altar of Okawaru.
 12509 | D:10     | Reached skill level 12 in Dodging
 12918 | D:10     | Noticed Josephine
 13500 | D:9      | Killed Josephine
 13500 | D:9      | Reached skill level 13 in Dodging
 13516 | D:9      | Reached XP level 11. HP: 30/56 MP: 14/18
 13830 | D:10     | Found Qeen's Book Emporium.
 14355 | D:11     | Reached skill level 14 in Dodging
 14473 | D:11     | Found a transporter.
 14473 | D:11     | Noticed emiel's ghost (journeyman NaWn)
 14475 | D:11     | Identified the +7 dire flail "Meryewiz" {pain, rPois rF+}
 14475 | D:11     | Noticed a two-headed ogre
 14478 | D:11     | Found a transporter.
 14480 | D:11     | Noticed a two-headed ogre
 14571 | D:11     | Found a gate leading to a gauntlet.
 14575 | Gauntlet | Entered a Gauntlet
 14575 | Gauntlet | Found a transporter.
 14592 | Gauntlet | Noticed a tengu warrior
 14626 | Gauntlet | Found a transporter.
 14628 | Gauntlet | Found a transporter.
 14639 | Gauntlet | Found a transporter.
 14640 | Gauntlet | Found a transporter.
 14645 | Gauntlet | Noticed an orange crystal statue
 14647 | Gauntlet | Found a transporter.
 14663 | Gauntlet | Found a transporter.
 14673 | Gauntlet | Found a transporter.
 14680 | Gauntlet | Noticed a dire elephant
 14683 | Gauntlet | Found a transporter.
 14686 | Gauntlet | Noticed a hell beast
 14698 | Gauntlet | Found a transporter.
 14712 | Gauntlet | Found a transporter.
 14713 | Gauntlet | Found a transporter.
 14761 | Gauntlet | Found a transporter.
 14780 | Gauntlet | Found a transporter.
 14865 | Gauntlet | HP: 2/56 [tengu warrior/+0 vampiric battleaxe (5)]
 15213 | Gauntlet | Killed a dire elephant
 15213 | Gauntlet | Reached skill level 15 in Dodging
 15221 | Gauntlet | Noticed a shock serpent
 15383 | Gauntlet | Noticed an alligator
 15388 | Gauntlet | Noticed an orb spider
 15413 | Gauntlet | Identified the +3 ring mail of the Kettle-Drum {rC- rN+++
                  | rCorr Int-3}
 15413 | Gauntlet | Noticed a minotaur
 15432 | Gauntlet | Killed a minotaur
 15432 | Gauntlet | Reached skill level 9 in Short Blades
 15432 | Gauntlet | Reached skill level 13 in Stealth
 15498 | Gauntlet | Identified a +0 robe of the Archmagi (You found it in a
                  | Gauntlet)
 16321 | D:11     | Noticed a cyan ugly thing
 16326 | D:11     | Killed a cyan ugly thing
 16326 | D:11     | Reached skill level 14 in Stealth
 16398 | D:11     | Reached skill level 10 in Short Blades
 16509 | D:11     | Killed a two-headed ogre
 16509 | D:11     | Reached XP level 12. HP: 61/61 MP: 19/19
 16513 | D:11     | Killed a two-headed ogre
 16513 | D:11     | Reached skill level 15 in Stealth
 16528 | D:11     | Killed emiel's ghost
 16671 | Lair:1   | Entered Level 1 of the Lair of Beasts
 16979 | Lair:1   | Reached skill level 16 in Stealth
 16986 | Lair:1   | Reached skill level 7 in Fighting
 17527 | Lair:1   | Identified +0 steam dragon scales
 17527 | Lair:1   | Noticed Maggie
 17540 | Lair:1   | Killed Maggie
 17809 | Lair:2   | Noticed a five-headed hydra
 17821 | Lair:2   | Killed a five-headed hydra
 18008 | Lair:2   | Reached skill level 17 in Stealth
 18015 | Lair:2   | Reached skill level 8 in Fighting
 18025 | Lair:2   | Identified +0 steam dragon scales
 18029 | Lair:2   | Identified +0 steam dragon scales
 18059 | Lair:2   | Identified +0 acid dragon scales
 18152 | Lair:2   | Found the +2 cloak of the Thief {*Fog Slay-2 SInv Stlth+}
 18260 | Lair:2   | Found a dark tunnel.
 18288 | Volcano  | Entered a volcano
 18320 | Volcano  | Reached XP level 13. HP: 56/69 MP: 14/20
 18767 | Volcano  | Found a burning altar of Makhleb.
 18777 | Volcano  | Reached skill level 18 in Stealth
 18806 | Volcano  | Reached skill level 9 in Fighting
 18850 | Volcano  | Noticed a red draconian
 19086 | Volcano  | Killed a red draconian
 19584 | Lair:2   | Identified the Disquisition on Poisonous Enchantment
 19629 | Lair:2   | Reached skill level 19 in Stealth
 20248 | Lair:3   | Identified 2 potions of resistance
 20655 | Lair:3   | Reached skill level 10 in Fighting
 20754 | Lair:3   | Gained mutation: You are somewhat unskilled. (-1 Apt) [Ru
                  | sacrifice]
 20754 | Lair:3   | Reduced skill Fighting to level 9
 20754 | Lair:3   | Reduced skill Short Blades to level 9
 20754 | Lair:3   | Reduced skill Dodging to level 13
 20754 | Lair:3   | Reduced skill Stealth to level 18
 20754 | Lair:3   | Reduced skill Spellcasting to level 3
 20754 | Lair:3   | Reduced skill Hexes to level 9
 20754 | Lair:3   | Reached ****** piety under Ru
 20899 | Lair:3   | Reached skill level 14 in Dodging
 20924 | Lair:3   | Found a staircase to the Shoals.
 21497 | Lair:4   | Reached skill level 4 in Spellcasting
 22177 | Lair:4   | Found a staircase to the Swamp.
 22290 | Lair:4   | Reached XP level 14. HP: 75/75 MP: 15/21
 22985 | Lair:5   | Found a frozen archway.
 23002 | IceCv    | Entered an ice cave
 23587 | IceCv    | Reached skill level 5 in Spellcasting
 23704 | IceCv    | Found the +6 arbalest "Damnation" {damnation}
 24412 | Lair:5   | Reached skill level 10 in Hexes
 24791 | Lair:5   | Identified a scroll of acquirement
 24792 | Lair:5   | Acquired a book of Party Tricks
 24801 | Lair:5   | Learned a level 6 spell: Invisibility
 24866 | Lair:5   | Found a staircase to the Slime Pits.
 25057 | Lair:6   | Entered Level 6 of the Lair of Beasts
 25079 | Lair:6   | Reached skill level 10 in Short Blades
 25295 | Lair:5   | Reached skill level 6 in Spellcasting
 25803 | Lair:5   | Reached skill level 19 in Stealth
 26028 | Lair:5   | Reached skill level 15 in Dodging
 26231 | Lair:5   | Reached skill level 10 in Fighting
 26633 | Lair:6   | Reached skill level 11 in Hexes
 27029 | Lair:6   | Reached skill level 12 in Hexes
 27031 | Lair:6   | Reached XP level 15. HP: 80/80 MP: 23/25
 27060 | Lair:6   | Killed from afar by a lindwurm

Vanquished Creatures
  A dire elephant (Gauntlet)
  A red draconian (Volcano)
  A minotaur (Gauntlet)
  Josephine (D:9)
  The ghost of emiel the Fighter, a journeyman NaWn of Cheibriados (D:11)
  6 hydras
  Harold (D:7)
  5 death yaks (Lair:6)
  A boulder beetle (Lair:5)
  2 catoblepae (Lair:6)
  8 two-headed ogres
  An ogre mage (Volcano)
  A deep troll shaman (Lair:6)
  A bog body (Lair:4)
  Pikel (D:6)
  3 ugly things
  A cyclops (D:11)
  34 elephants
  5 black mambas
  A merfolk siren (Lair:3)
  Maurice (D:8)
  2 torpor snails
  2 molten gargoyles (Volcano)
  3 ice statues (IceCv)
  Maggie (Lair:1)
  11 rime drakes (Lair:2)
  14 cane toads
  16 komodo dragons
  A queen bee (Lair:2)
  4 polar bears (Lair:6)
  2 trolls
  2 hornets (Gauntlet)
  16 blink frogs
  4 dream sheep (Lair:4)
  5 wraiths (D:9)
  3 wyverns
  57 yaks
  6 fire bats (Volcano)
  8 basilisks
  12 steam dragons
  An acid dragon (Lair:2)
  A hornet zombie (D:11)
  8 orc warriors
  7 water moccasins
  3 sky beasts
  9 ice beasts
  5 phantoms
  4 black bears
  6 necrophages
  6 ogres
  3 centaurs
  10 wolves
  A big kobold (D:9)
  13 bullfrogs
  2 gnoll sergeants
  3 scorpions
  41 killer bees
  6 wights
  2 electric eels (D:9)
  2 bullfrog zombies
  A centaur zombie (D:7)
  6 lava snakes (Volcano)
  2 quasits
  3 centaur skeletons
  5 hounds
  3 orc priests
  2 jellies
  9 orc wizards
  2 bullfrog skeletons
  6 iguanas
  Jessica (D:2)
  7 worker ants
  2 worker ant zombies
  9 gnolls
  6 adders
  A shadow imp (D:9)
  16 white imps
  An ufetubus (D:5)
  An ooze (D:7)
  2 adder zombies
  4 adder skeletons
  4 leopard geckos
  47 orcs
  4 bats
  4 giant cockroaches
  5 goblins
  8 hobgoblins
  18 jackals
  6 quokkas
  3 ball pythons
  8 frilled lizards
  18 kobolds
  A quokka skeleton (D:6)
  11 rats
  A spectral orc (D:3)
606 creatures vanquished.

Vanquished Creatures (collateral kills)
  2 orc priests (D:9)
  An orc wizard (D:9)
3 creatures vanquished.

Vanquished Creatures (others)
  A wolf (Lair:6)
  A white imp (Lair:5)
  An orc (D:9)
  28 fungi
  64 plants
  10 withered plants (D:11)
105 creatures vanquished.

Grand Total: 714 creatures vanquished
